AoeStats
← gokhandg100

Oasis

510153627Analyzed
2v2 RM · 2d ago on Sep 29, 2026· 66m 49s· 4 players
Game mode
Random Map
Map size
Medium (4 player)
Population
200
Speed
Normal
Resources
Standard
Victory
Conquest
Starting age
Dark Age
Ending age
Imperial Age
RankedLock teamsTeams togetherTeam positionsShared explorationLock speedFull tech treeHidden civsTurbo modeCheats
Victory
Defeat
🇫🇷 Teutons · France
700
+11
🇨🇾 Turks · Cyprus
643
+13
🇺🇸 Koreans · United States
585
-12
🇹🇷 Bulgarians · Türkiye
583
-12
RoadinHR2019
4:32 Loom
10:55 Feudal Age
11:21 Town Watch
11:12 Man-at-Arms
14:08 Double-Bit Axe
16:07 Wheelbarrow
17:53 Forging
23:19 Castle Age
25:14 Town Patrol
29:53 Pikeman
29:56 Long Swordsman
30:31 Fletching
31:59 Crossbowman
38:01 Imperial Age
36:30 Ballistics
36:22 Fortified Wall
39:53 Chemistry
38:39 Capped Ram
44:25 Bow Saw
45:38 Padded Archer Armor
46:14 Iron Casting
45:39 Scale Mail Armor
50:10 Hand Cart
52:10 Crenellations
52:23 Conscription
52:39 Hoardings
52:10 Bodkin Arrow
53:16 Blast Furnace
54:44 Siege Engineers
57:54 Chain Mail Armor
tolislambrou
10:14 Feudal Age
17:54 Castle Age
17:53 Forging
17:57 Bloodlines
19:05 Horse Collar
23:15 Husbandry
25:08 Wheelbarrow
28:17 Iron Casting
28:06 Hand Cart
32:37 Double-Bit Axe
38:05 Stone Mining
44:18 Imperial Age
42:44 Bow Saw
44:23 Elite Janissary
45:49 Artillery
46:43 Husbandry
46:34 Arrowslits
47:12 Ballistics
46:49 Murder Holes
49:05 Gold Mining
52:17 Conscription
52:12 Heavy Plow
53:15 Two-Man Saw
53:05 Masonry
53:12 Scale Barding Armor
55:31 Gold Shaft Mining
55:05 Caravan
evan.matthew.bishop
0:39 Loom
11:48 Feudal Age
12:18 Double-Bit Axe
12:15 Horse Collar
12:41 Town Watch
16:57 Wheelbarrow
19:14 Scale Barding Armor
20:11 Forging
26:23 Castle Age
24:36 Scale Mail Armor
25:32 Fletching
25:37 Gold Mining
27:50 Heavy Plow
27:33 Pikeman
28:14 Squires
30:43 Iron Casting
30:33 Masonry
31:16 Chain Mail Armor
36:14 Fortified Wall
38:50 Light Cavalry
43:46 Imperial Age
41:19 Stone Mining
42:58 Chain Barding Armor
42:50 Elite Skirmisher
43:35 Thumb Ring
44:06 Bodkin Arrow
44:59 Husbandry
46:41 Chemistry
47:03 Conscription
48:31 Ballistics
48:00 Hussar
51:20 Bow Saw
55:36 Theocracy
55:22 Sanctity
55:18 Block Printing
56:31 Halberdier
gokhandg100
13:08 Feudal Age
12:10 Loom
20:43 Wheelbarrow
26:21 Castle Age
27:26 Husbandry
27:34 Horse Collar
27:44 Double-Bit Axe
34:14 Pikeman
39:19 Imperial Age
37:03 Padded Archer Armor
37:09 Scale Barding Armor
36:55 Fletching
44:00 Bow Saw
43:53 Heavy Plow
45:12 Leather Archer Armor
47:48 Hand Cart
47:24 Elite Skirmisher
52:09 Bodkin Arrow
52:35 Chain Barding Armor
52:25 Stirrups
53:41 Cavalier
55:12 Bracer
57:09 Crop Rotation
62:02 Light Cavalry
62:53 Bloodlines
Connection lost

Rejoining the realm…

Still unreachable

The connection could not be restored.

Session expired

The server has moved on; the page needs a fresh start.